Detroit Red Wings vs Boston Bruins
Created - Thursday, March 16, 2023 at 06:59
Goals
|
| Detroit Red Wings |
2 |
1 |
2 |
0 |
2 |
6 |
| Boston Bruins |
2 |
1 |
2 |
0 |
0 |
5 |
|
Shots
|
| Detroit Red Wings |
14 |
10 |
12 |
3 |
2 |
39 |
| Boston Bruins |
11 |
15 |
8 |
0 |
2 |
34 |
|
1st period
1. Detroit Red Wings , Brock Nelson 1 (Mika Zibanejad 3) at 0:38
2. Boston Bruins , Joel Farabee 2 (Nick Paul 2) at 15:10
3. Boston Bruins , Vincent Trocheck 4 (Oliver Bjorkstrand 4) at 17:44
4. Detroit Red Wings , Brock Nelson 2 (Auston Matthews 3, Jonathan Huberdeau 3) at 18:45 (PP)
Penalties :
Phil Kessel (BOS) for Holding (Minor) at 18:29
2nd period
5. Boston Bruins , Ryan Donato 1 (Anthony Beauvillier 1, Joonas Donskoi 1) at 5:26
6. Detroit Red Wings , Tyler Ennis 3 (Kris Letang 1, Sean Couturier 2) at 13:30
Penalties :
Sean Durzi (BOS) for Roughing (Minor) at 15:18, Adam Erne (DET) for Tripping (Minor) at 18:00
3rd period
7. Boston Bruins , Samuel Girard 1 (Vincent Trocheck 3) at 4:34 (PP)
8. Detroit Red Wings , Jason Spezza 1 (Michael McCarron 1, Daniel Sprong 1) at 5:47
9. Boston Bruins , Vincent Trocheck 5 (Phil Kessel 5) at 5:53
10. Detroit Red Wings , Jonathan Huberdeau 1 (Arthur Kaliyev 1, Auston Matthews 4) at 19:22
Penalties :
Tyler Ennis (DET) for Hooking (Minor) at 3:58, Arthur Kaliyev (DET) for Tripping (Minor) at 6:03
Overtime #1
No Goal
Penalties :
No Penalty
Shootout
Detroit Red Wings, Kris Letang - Goal!
Boston Bruins, Vincent Trocheck - Shot Misses the Net
Detroit Red Wings, Jonathan Huberdeau - Goal!
Boston Bruins, Oliver Bjorkstrand - Stopped by Semyon Varlamov
Penalties :
No Penalty
Goalie Stats
Semyon Varlamov (DET), 29 saves from 34 shots - (0.853), W, 1-0-0, 64:48 minutes
David Rittich (BOS), 34 saves from 39 shots - (0.872), OTL, 1-0-2, 65:00 minutes
Players Stats for Detroit Red Wings
Player Name G A P +/- PIM S H SB GA TA FO MP PP MP PK MP
------------------------------------------------------------------------------------
Adam Erne 0 0 0 0 2 0 1 0 0 0 0/1 12:57 0:00 1:10
Arthur Kaliyev 0 1 1 -1 2 0 1 1 0 0 0/0 19:50 0:00 0:15
Auston Matthews 0 2 2 -1 0 5 2 1 1 0 25/43 22:14 1:25 0:17
Brock Nelson 2 0 2 1 0 5 1 0 0 0 0/0 16:06 1:12 0:00
Daniel Sprong 0 1 1 0 0 2 0 0 0 0 0/1 8:58 0:00 0:00
Jamie Drysdale 0 0 0 -1 0 0 1 1 0 2 0/0 23:08 1:11 0:00
Jared McCann 0 0 0 1 0 2 1 0 0 1 0/0 15:58 0:50 0:00
Jason Spezza 1 0 1 0 0 4 0 0 1 0 3/7 10:02 0:13 0:52
Jonathan Huberdeau 1 1 2 -1 0 6 1 0 0 0 0/0 24:19 1:25 2:17
Keith Yandle 0 0 0 1 0 0 1 0 0 0 0/0 12:20 0:00 0:00
Kris Letang 0 1 1 -1 0 3 2 1 1 2 0/0 31:08 1:04 2:22
MacKenzie Weegar 0 0 0 0 0 1 1 1 0 1 0/0 27:21 1:04 2:22
Michael Del Zotto 0 0 0 1 0 1 0 0 0 0 0/0 15:16 0:00 2:12
Michael McCarron 0 1 1 0 0 0 2 0 0 0 0/0 7:42 0:00 0:00
Mika Zibanejad 0 1 1 1 0 5 0 0 3 1 6/10 18:32 0:50 1:59
Sean Couturier 0 1 1 0 0 1 0 0 1 0 6/9 16:58 0:50 2:18
Shayne Gostisbehere 0 0 0 0 0 2 1 4 0 0 0/0 20:47 1:11 2:12
Tyler Ennis 1 0 1 0 2 2 3 0 0 0 0/0 11:47 0:00 0:00
Players Stats for Boston Bruins
Player Name G A P +/- PIM S H SB GA TA FO MP PP MP PK MP
------------------------------------------------------------------------------------
Anthony Beauvillier 0 1 1 0 0 1 0 0 1 0 0/1 14:45 0:00 0:00
Brandon Hagel 0 0 0 0 0 3 1 1 1 2 0/1 19:37 1:58 0:23
Brock McGinn 0 0 0 -1 0 0 1 0 0 0 0/0 6:14 0:00 0:00
Charlie McAvoy 0 0 0 -1 0 2 1 1 0 2 0/0 31:08 2:45 1:28
Danton Heinen 0 0 0 -1 0 3 0 0 0 0 0/0 6:14 0:00 0:00
Joel Farabee 1 0 1 0 0 6 1 0 2 1 0/1 17:47 1:58 0:00
Joonas Donskoi 0 1 1 0 0 2 3 0 0 0 0/1 14:49 0:00 0:31
Mason Appleton 0 0 0 0 0 0 0 0 0 0 0/0 2:20 0:00 0:00
Matt Grzelcyk 0 0 0 1 0 0 1 1 0 0 0/0 12:30 0:00 0:22
Nick Paul 0 1 1 0 0 4 3 1 0 0 8/16 17:47 1:58 0:00
Oliver Bjorkstrand 0 1 1 1 0 3 3 2 1 0 0/3 23:22 2:36 1:21
Phil Kessel 0 1 1 1 2 1 2 0 1 0 2/3 21:40 2:36 0:23
Ryan Donato 1 0 1 0 0 2 4 1 0 0 2/9 14:31 0:00 0:31
Samuel Girard 1 0 1 0 0 1 1 2 0 0 0/0 21:44 1:49 0:47
Sean Durzi 0 0 0 -1 2 0 2 1 0 0 0/0 29:58 2:45 0:16
Tyson Barrie 0 0 0 0 0 0 0 0 0 0 0/0 21:44 1:49 0:47
Victor Mete 0 0 0 1 0 1 0 1 0 2 0/0 12:58 0:00 0:50
Vincent Trocheck 2 1 3 0 0 5 2 0 1 0 19/36 28:35 2:36 1:21
3 Stars
1 - Vincent Trocheck (BOS)
2 - Brock Nelson (DET)
3 - Jonathan Huberdeau (DET)
Power Play
Detroit Red Wings - 1 on 2 Attempt(s) - 50.00%
Boston Bruins - 1 on 3 Attempt(s) - 33.33%
Penalty Kill
Detroit Red Wings - 2 on 3 Attempt(s) - 66.67%
- Score 0 goal in Penalty Kill
Boston Bruins - 1 on 2 Attempt(s) - 50.00%
- Score 0 goal in Penalty Kill
Team Stat
Detroit Red Wings - Hits : 18 - Faceoff Wins : 40 - Blocked Shots : 9 - Penalty Minutes : 6
Boston Bruins - Hits : 25 - Faceoff Wins : 31 - Blocked Shots : 11 - Penalty Minutes : 4
Official
Referees : Dean Morton and Garrett Rank
Linesman : Lonnie Cameron and Brandon Gawryletz
Game Notes
No Game Note
Finance
Level 1 -- Attendance: 5144 (85.73%) -- Ticket Income $514,400
Level 2 -- Attendance: 3750 (75.00%) -- Ticket Income $225,000
Level 3 -- Attendance: 2771 (92.37%) -- Ticket Income $96,985
Level 4 -- Attendance: 4174 (83.48%) -- Ticket Income $104,350
Luxury Box -- Attendance: 769 (76.90%) -- Ticket Income $153,800
Game was played at the TD Garden.
Total Attendance: 16608 (83.04%)
Total Ticket Income: $1,094,535
Other Income: $383,087
Total Income: $1,477,622
Detroit Red Wings
5 vs 5 Forward
Center Left Wing Right Wing Time % Phy DF OF
1 Auston Matthews Jonathan Huberdeau Arthur Kaliyev 40 1 2 2
2 Mika Zibanejad Jared McCann Brock Nelson 30 1 2 2
3 Sean Couturier Tyler Ennis Adam Erne 20 1 2 2
4 Jason Spezza Michael McCarron Daniel Sprong 10 1 2 2
5 vs 5 Defense
Defense Defense Time % Phy DF OF
1 Kris Letang MacKenzie Weegar 40 1 2 2
2 Shayne Gostisbehere Jamie Drysdale 30 1 2 2
3 Michael Del Zotto Keith Yandle 20 1 2 2
4 Kris Letang Jamie Drysdale 10 1 2 2
PowerPlay Forward
Center Left Wing Right Wing Time % Phy DF OF
1 Auston Matthews Jonathan Huberdeau Brock Nelson 50 1 2 2
2 Mika Zibanejad Jared McCann Sean Couturier 50 1 2 2
PowerPlay Defense
Defense Defense Time % Phy DF OF
1 Kris Letang MacKenzie Weegar 50 1 2 2
2 Shayne Gostisbehere Jamie Drysdale 50 1 2 2
Penalty Kill 4 Players Forward
Center Wing Time % Phy DF OF
1 Sean Couturier Adam Erne 50 1 2 2
2 Mika Zibanejad Jonathan Huberdeau 50 1 2 2
Penalty Kill 4 Players Defense
Defense Defense Time % Phy DF OF
1 Kris Letang MacKenzie Weegar 50 1 2 2
2 Shayne Gostisbehere Michael Del Zotto 50 1 2 2
Penalty Kill - 3 Players Forward
Forward Time % Phy DF OF
1 Mika Zibanejad 50 1 2 2
2 Sean Couturier 50 1 2 2
Penalty Kill - 3 Players Defense
Defense Defense Time % Phy DF OF
1 Kris Letang MacKenzie Weegar 50 1 2 2
2 Shayne Gostisbehere Jamie Drysdale 50 1 2 2
4 vs 4 Forward
Center Wing Time % Phy DF OF
1 Auston Matthews Jonathan Huberdeau 60 1 2 2
2 Mika Zibanejad Sean Couturier 40 1 2 2
4 vs 4 Defense
Defense Defense Time % Phy DF OF
1 Kris Letang MacKenzie Weegar 60 1 2 2
2 Shayne Gostisbehere Jamie Drysdale 40 1 2 2
Last Minutes Offensive
Center Left Wing Right Wing Defense Defense
Auston Matthews Jonathan Huberdeau Mika Zibanejad Kris Letang MacKenzie Weegar
Last Minutes Defensive
Center Left Wing Right Wing Defense Defense
Auston Matthews Sean Couturier Mika Zibanejad Kris Letang MacKenzie Weegar
Goaltenders
Starting : Semyon Varlamov
Backup : Sergei Bobrovsky
Extra Forwards
Normal : Sean Couturier, Daniel Sprong, Arthur Kaliyev - PP : Jason Spezza, Michael McCarron - PK : Jason Spezza
Extra Defensemen
Normal : Michael Del Zotto, Keith Yandle, Shayne Gostisbehere - PP : Keith Yandle - PK : Michael Del Zotto, Keith Yandle
Penalty Shots
Kris Letang, Jonathan Huberdeau, Auston Matthews, Sean Couturier, Mika Zibanejad
Boston Bruins
5 vs 5 Forward
Center Left Wing Right Wing Time % Phy DF OF
1 Vincent Trocheck Oliver Bjorkstrand Phil Kessel 40 1 2 2
2 Nick Paul Brandon Hagel Joel Farabee 30 1 2 2
3 Ryan Donato Anthony Beauvillier Joonas Donskoi 20 1 2 2
4 Vincent Trocheck Brock McGinn Danton Heinen 10 1 2 2
5 vs 5 Defense
Defense Defense Time % Phy DF OF
1 Charlie McAvoy Sean Durzi 40 1 2 2
2 Tyson Barrie Samuel Girard 30 1 2 2
3 Matt Grzelcyk Victor Mete 20 1 2 2
4 Charlie McAvoy Sean Durzi 10 1 2 2
PowerPlay Forward
Center Left Wing Right Wing Time % Phy DF OF
1 Vincent Trocheck Oliver Bjorkstrand Phil Kessel 60 1 2 2
2 Nick Paul Brandon Hagel Joel Farabee 40 1 2 2
PowerPlay Defense
Defense Defense Time % Phy DF OF
1 Charlie McAvoy Sean Durzi 60 1 2 2
2 Tyson Barrie Samuel Girard 40 1 2 2
Penalty Kill 4 Players Forward
Center Wing Time % Phy DF OF
1 Vincent Trocheck Oliver Bjorkstrand 60 1 2 2
2 Phil Kessel Brandon Hagel 40 1 2 2
Penalty Kill 4 Players Defense
Defense Defense Time % Phy DF OF
1 Charlie McAvoy Sean Durzi 60 1 2 2
2 Tyson Barrie Samuel Girard 40 1 2 2
Penalty Kill - 3 Players Forward
Forward Time % Phy DF OF
1 Vincent Trocheck 60 1 2 2
2 Oliver Bjorkstrand 40 1 2 2
Penalty Kill - 3 Players Defense
Defense Defense Time % Phy DF OF
1 Charlie McAvoy Sean Durzi 60 1 2 2
2 Tyson Barrie Samuel Girard 40 1 2 2
4 vs 4 Forward
Center Wing Time % Phy DF OF
1 Vincent Trocheck Oliver Bjorkstrand 60 1 2 2
2 Phil Kessel Brandon Hagel 40 1 2 2
4 vs 4 Defense
Defense Defense Time % Phy DF OF
1 Charlie McAvoy Sean Durzi 60 1 2 2
2 Tyson Barrie Samuel Girard 40 1 2 2
Last Minutes Offensive
Center Left Wing Right Wing Defense Defense
Vincent Trocheck Oliver Bjorkstrand Phil Kessel Charlie McAvoy Sean Durzi
Last Minutes Defensive
Center Left Wing Right Wing Defense Defense
Vincent Trocheck Oliver Bjorkstrand Phil Kessel Charlie McAvoy Sean Durzi
Goaltenders
Starting : David Rittich
Backup : Pyotr Kochetkov
Extra Forwards
Normal : Mason Appleton, Anthony Beauvillier, Joonas Donskoi - PP : Mason Appleton, Anthony Beauvillier - PK : Joonas Donskoi
Extra Defensemen
Normal : Matt Grzelcyk, Victor Mete, Tyson Barrie - PP : Matt Grzelcyk - PK : Victor Mete, Tyson Barrie
Penalty Shots
Vincent Trocheck, Oliver Bjorkstrand, Phil Kessel, Brandon Hagel, Nick Paul
% Time on Ice - Detroit Red Wings
Lines # - Real PCT - Wanted PCT - Time Play
Normal Forward
1 - 35% - 40% - 18:47
2 - 28% - 30% - 14:54
3 - 22% - 20% - 11:48
4 - 14% - 10% - 7:42
Normal Defense
1 - 40% - 40% - 21:22
2 - 29% - 30% - 15:33
3 - 23% - 20% - 12:20
4 - 7% - 10% - 3:56
PP Forward
1 - 63% - 50% - 1:25
2 - 37% - 50% - 0:50
PP Defense
1 - 47% - 50% - 1:04
2 - 53% - 50% - 1:11
PK Forward
1 - 57% - 50% - 2:35
2 - 43% - 50% - 1:59
PK Defense
1 - 52% - 50% - 2:22
2 - 48% - 50% - 2:12
PK3 Forward
1 - 0% - 50%
2 - 0% - 50%
PK3 Defense
1 - 0% - 50%
2 - 0% - 50%
44 Forward
1 - 84% - 60% - 4:11
2 - 16% - 40% - 0:49
44 Defense
1 - 63% - 60% - 3:09
2 - 37% - 40% - 1:51
Last Minute Offensive - 0:00
Last Minute Defensive - 0:00
Total
Forward - 65:00
Defense - 65:00
|
% Time on Ice - Boston Bruins
Lines # - Real PCT - Wanted PCT - Time Play
Normal Forward
1 - 32% - 40% - 17:03
2 - 30% - 30% - 15:52
3 - 25% - 20% - 13:24
4 - 12% - 10% - 6:14
Normal Defense
1 - 38% - 40% - 20:13
2 - 33% - 30% - 17:22
3 - 22% - 20% - 11:25
4 - 7% - 10% - 3:33
PP Forward
1 - 57% - 60% - 2:36
2 - 43% - 40% - 1:58
PP Defense
1 - 60% - 60% - 2:45
2 - 40% - 40% - 1:49
PK Forward
1 - 83% - 60% - 1:52
2 - 17% - 40% - 0:23
PK Defense
1 - 65% - 60% - 1:28
2 - 35% - 40% - 0:47
PK3 Forward
1 - 0% - 60%
2 - 0% - 40%
PK3 Defense
1 - 0% - 60%
2 - 0% - 40%
44 Forward
1 - 72% - 60% - 3:36
2 - 28% - 40% - 1:24
44 Defense
1 - 65% - 60% - 3:14
2 - 35% - 40% - 1:46
Last Minute Offensive - 0:00
Last Minute Defensive - 0:38
Total
Forward - 65:00
Defense - 65:00
|
Play-by-Play
1st period
0:01 of 1st period - Auston Matthews wins face-off versus Vincent Trocheck in neutral zone.
0:32 of 1st period - Off-side.
0:33 of 1st period - Mika Zibanejad wins face-off versus Ryan Donato in neutral zone.
0:36 of 1st period - Snap shot by Mika Zibanejad.
0:36 of 1st period - Shot Blocked by Samuel Girard.
0:38 of 1st period - Snap shot by Brock Nelson.
0:38 of 1st period - Goal by Brock Nelson - Detroit Red Wings : 1 - Boston Bruins : 0.
0:39 of 1st period - Nick Paul wins face-off versus Adam Erne in neutral zone.
1:06 of 1st period - Brock McGinn is hit by Keith Yandle and loses puck.
1:15 of 1st period - Snap shot by Vincent Trocheck.
1:15 of 1st period - Shot Misses the Net.
1:27 of 1st period - Snap shot by Jason Spezza.
1:27 of 1st period - Stopped by David Rittich with a rebound.
1:29 of 1st period - Snap shot by Jason Spezza.
1:29 of 1st period - Stopped by David Rittich with a rebound.
1:35 of 1st period - Wrist shot by Jason Spezza.
1:35 of 1st period - Stopped by David Rittich with a rebound.
1:45 of 1st period - Shayne Gostisbehere is hit by Vincent Trocheck and loses puck.
2:37 of 1st period - Wrist shot by Brock Nelson.
2:37 of 1st period - Shot Misses the Net.
2:39 of 1st period - Slapshot by Shayne Gostisbehere.
2:39 of 1st period - Stopped by David Rittich with a rebound.
3:04 of 1st period - Icing by Jamie Drysdale.
3:05 of 1st period - Nick Paul wins face-off versus Jason Spezza in Detroit Red Wings zone.
3:06 of 1st period - Slapshot by Brandon Hagel.
3:06 of 1st period - Deflect By Shayne Gostisbehere.
3:06 of 1st period - Stopped by Semyon Varlamov without a rebound.
3:07 of 1st period - Nick Paul wins face-off versus Auston Matthews in Detroit Red Wings zone.
3:12 of 1st period - Slapshot by Joel Farabee.
3:12 of 1st period - Stopped by Semyon Varlamov with a rebound.
3:16 of 1st period - Slapshot by Nick Paul.
3:16 of 1st period - Stopped by Semyon Varlamov with a rebound.
3:32 of 1st period - Samuel Girard is hit by Jared McCann.
4:01 of 1st period - Snap shot by Tyler Ennis.
4:01 of 1st period - Stopped by David Rittich without a rebound.
4:02 of 1st period - Auston Matthews wins face-off versus Vincent Trocheck in Boston Bruins zone.
4:03 of 1st period - Snap shot by Jonathan Huberdeau.
4:03 of 1st period - Shot Blocked by Charlie McAvoy.
4:09 of 1st period - Wrist shot by Oliver Bjorkstrand.
4:09 of 1st period - Stopped by Semyon Varlamov with a rebound.
4:27 of 1st period - Sean Durzi is hit by Brock Nelson and loses puck.
4:32 of 1st period - Snap shot by Mika Zibanejad.
4:32 of 1st period - Deflect By Charlie McAvoy.
4:32 of 1st period - Stopped by David Rittich with a rebound.
4:48 of 1st period - Anthony Beauvillier is hit by Adam Erne and loses puck.
5:12 of 1st period - Snap shot by Ryan Donato.
5:12 of 1st period - Shot Blocked by Shayne Gostisbehere.
5:29 of 1st period - Icing by Samuel Girard.
5:30 of 1st period - Vincent Trocheck wins face-off versus Auston Matthews in Boston Bruins zone.
5:57 of 1st period - Snap shot by Brock Nelson.
5:57 of 1st period - Stopped by David Rittich without a rebound.
5:58 of 1st period - Vincent Trocheck wins face-off versus Mika Zibanejad in Boston Bruins zone.
6:15 of 1st period - Wrist shot by Brock Nelson.
6:15 of 1st period - Stopped by David Rittich with a rebound.
7:21 of 1st period - Off-side.
7:22 of 1st period - Auston Matthews wins face-off versus Joel Farabee in neutral zone.
7:29 of 1st period - Backhand shot by Auston Matthews.
7:29 of 1st period - Shot Blocked by Matt Grzelcyk.
7:31 of 1st period - Snap shot by Auston Matthews.
7:31 of 1st period - Stopped by David Rittich without a rebound.
7:32 of 1st period - Nick Paul wins face-off versus Auston Matthews in Boston Bruins zone.
8:01 of 1st period - Off-side.
8:02 of 1st period - Sean Couturier wins face-off versus Ryan Donato in neutral zone.
8:27 of 1st period - Jason Spezza is hit by Samuel Girard.
8:49 of 1st period - Wrist shot by Auston Matthews.
8:49 of 1st period - Deflect By Joel Farabee.
8:49 of 1st period - Shot Misses the Net.
8:49 of 1st period - Puck is out of play.
8:50 of 1st period - Auston Matthews wins face-off versus Nick Paul in Boston Bruins zone.
8:57 of 1st period - Wrist shot by Jonathan Huberdeau.
8:57 of 1st period - Stopped by David Rittich without a rebound.
8:58 of 1st period - Auston Matthews wins face-off versus Nick Paul in Boston Bruins zone.
9:02 of 1st period - Icing by Brandon Hagel.
9:03 of 1st period - Nick Paul wins face-off versus Auston Matthews in Boston Bruins zone.
9:10 of 1st period - Wrist shot by Joel Farabee.
9:10 of 1st period - Stopped by Semyon Varlamov without a rebound.
9:11 of 1st period - Vincent Trocheck wins face-off versus Auston Matthews in Detroit Red Wings zone.
9:16 of 1st period - Snap shot by Oliver Bjorkstrand.
9:16 of 1st period - Shot Blocked by Kris Letang.
9:38 of 1st period - Kris Letang is hit by Joonas Donskoi and loses puck.
9:44 of 1st period - Off-side.
9:45 of 1st period - Nick Paul wins face-off versus Auston Matthews in neutral zone.
9:53 of 1st period - Snap shot by Joel Farabee.
9:53 of 1st period - Shot Blocked by Auston Matthews.
9:55 of 1st period - Snap shot by Brandon Hagel.
9:55 of 1st period - Stopped by Semyon Varlamov without a rebound.
9:56 of 1st period - Sean Couturier wins face-off versus Vincent Trocheck in Detroit Red Wings zone.
9:56 of 1st period - Sean Couturier is hit by Oliver Bjorkstrand.
11:43 of 1st period - Jonathan Huberdeau is hit by Joonas Donskoi.
11:47 of 1st period - Jonathan Huberdeau is hit by Ryan Donato and loses puck.
12:56 of 1st period - Joel Farabee is hit by Arthur Kaliyev and loses puck.
13:08 of 1st period - Off-side.
13:09 of 1st period - Vincent Trocheck wins face-off versus Jason Spezza in neutral zone.
13:29 of 1st period - Samuel Girard is hit by Auston Matthews and loses puck.
13:36 of 1st period - Auston Matthews is hit by Nick Paul and loses puck.
13:52 of 1st period - Off-side.
13:53 of 1st period - Mika Zibanejad wins face-off versus Ryan Donato in neutral zone.
14:27 of 1st period - Mika Zibanejad is hit by Ryan Donato and loses puck.
14:32 of 1st period - Wrist shot by Ryan Donato.
14:32 of 1st period - Shot Misses the Net.
14:34 of 1st period - Snap shot by Joonas Donskoi.
14:34 of 1st period - Stopped by Semyon Varlamov with a rebound.
14:36 of 1st period - Snap shot by Charlie McAvoy.
14:36 of 1st period - Stopped by Semyon Varlamov with a rebound.
14:38 of 1st period - Slapshot by Ryan Donato.
14:38 of 1st period - Stopped by Semyon Varlamov without a rebound.
14:39 of 1st period - Auston Matthews wins face-off versus Oliver Bjorkstrand in Detroit Red Wings zone.
15:10 of 1st period - Wrist shot by Joel Farabee.
15:10 of 1st period - Goal by Joel Farabee - Detroit Red Wings : 1 - Boston Bruins : 1.
15:11 of 1st period - Phil Kessel wins face-off versus Auston Matthews in neutral zone.
15:53 of 1st period - Snap shot by Jason Spezza.
15:53 of 1st period - Deflect By Daniel Sprong.
15:53 of 1st period - Shot Blocked by Sean Durzi.
15:53 of 1st period - Puck is out of play.
15:54 of 1st period - Jason Spezza wins face-off versus Phil Kessel in Boston Bruins zone.
15:55 of 1st period - Backhand shot by Kris Letang.
15:55 of 1st period - Deflect By Tyson Barrie.
15:55 of 1st period - Stopped by David Rittich without a rebound.
15:56 of 1st period - Vincent Trocheck wins face-off versus Jason Spezza in Boston Bruins zone.
16:27 of 1st period - Off-side.
16:28 of 1st period - Auston Matthews wins face-off versus Vincent Trocheck in neutral zone.
16:54 of 1st period - Brock Nelson is hit by Brandon Hagel and loses puck.
17:44 of 1st period - Slapshot by Vincent Trocheck.
17:44 of 1st period - Goal by Vincent Trocheck - Detroit Red Wings : 1 - Boston Bruins : 2.
17:45 of 1st period - Vincent Trocheck wins face-off versus Auston Matthews in neutral zone.
17:56 of 1st period - Snap shot by Jonathan Huberdeau.
17:56 of 1st period - Shot Hit the Post.
17:58 of 1st period - Snap shot by Auston Matthews.
17:58 of 1st period - Shot Misses the Net.
18:00 of 1st period - Wrist shot by Auston Matthews.
18:00 of 1st period - Shot Misses the Net.
18:29 of 1st period - Minor Penalty to Phil Kessel for Holding.
18:30 of 1st period - Auston Matthews wins face-off versus Vincent Trocheck in Boston Bruins zone.
18:41 of 1st period - Snap shot by Jonathan Huberdeau.
18:41 of 1st period - Shot Blocked by Oliver Bjorkstrand.
18:43 of 1st period - Wrist shot by Auston Matthews.
18:43 of 1st period - Stopped by David Rittich with a rebound.
18:45 of 1st period - Wrist shot by Brock Nelson.
18:45 of 1st period - Goal by Brock Nelson - Detroit Red Wings : 2 - Boston Bruins : 2.
18:46 of 1st period - Auston Matthews wins face-off versus Nick Paul in neutral zone.
18:49 of 1st period - Snap shot by Auston Matthews.
18:49 of 1st period - Shot Misses the Net.
18:59 of 1st period - Wrist shot by Brandon Hagel.
18:59 of 1st period - Shot Misses the Net.
19:11 of 1st period - Charlie McAvoy is hit by Kris Letang and loses puck.
19:58 of 1st period - Wrist shot by Nick Paul.
19:58 of 1st period - Shot Misses the Net.
Goals for this period are 2 for Detroit Red Wings vs 2 for Boston Bruins.
Shots for this period are 14 for Detroit Red Wings vs 11 for Boston Bruins.
2nd period
0:01 of 2nd period - Auston Matthews wins face-off versus Vincent Trocheck in neutral zone.
0:10 of 2nd period - Snap shot by Oliver Bjorkstrand.
0:10 of 2nd period - Stopped by Semyon Varlamov without a rebound.
0:11 of 2nd period - Vincent Trocheck wins face-off versus Auston Matthews in Detroit Red Wings zone.
0:19 of 2nd period - Slapshot by Oliver Bjorkstrand.
0:19 of 2nd period - Shot Blocked by Arthur Kaliyev.
0:53 of 2nd period - Icing by Mika Zibanejad.
0:54 of 2nd period - Sean Couturier wins face-off versus Ryan Donato in Detroit Red Wings zone.
1:27 of 2nd period - Charlie McAvoy is hit by Jonathan Huberdeau and loses puck.
2:24 of 2nd period - Wrist shot by Vincent Trocheck.
2:24 of 2nd period - Shot Blocked by Shayne Gostisbehere.
2:32 of 2nd period - Brock McGinn is hit by Tyler Ennis and loses puck.
2:46 of 2nd period - Wrist shot by Vincent Trocheck.
2:46 of 2nd period - Deflect By Danton Heinen.
2:46 of 2nd period - Stopped by Semyon Varlamov with a rebound.
2:48 of 2nd period - Slapshot by Vincent Trocheck.
2:48 of 2nd period - Shot Blocked by Shayne Gostisbehere.
2:50 of 2nd period - Slapshot by Sean Durzi.
2:50 of 2nd period - Deflect By Vincent Trocheck.
2:50 of 2nd period - Shot Misses the Net.
2:50 of 2nd period - Puck is out of play.
2:51 of 2nd period - Auston Matthews wins face-off versus Brandon Hagel in Detroit Red Wings zone.
3:00 of 2nd period - Slapshot by Nick Paul.
3:00 of 2nd period - Stopped by Semyon Varlamov with a rebound.
3:02 of 2nd period - Snap shot by Brandon Hagel.
3:02 of 2nd period - Stopped by Semyon Varlamov with a rebound.
3:04 of 2nd period - Wrist shot by Nick Paul.
3:04 of 2nd period - Stopped by Semyon Varlamov without a rebound.
3:05 of 2nd period - Nick Paul wins face-off versus Auston Matthews in Detroit Red Wings zone.
3:18 of 2nd period - Snap shot by Auston Matthews.
3:18 of 2nd period - Shot Blocked by Victor Mete.
3:20 of 2nd period - Snap shot by Jonathan Huberdeau.
3:20 of 2nd period - Deflect By Brandon Hagel.
3:20 of 2nd period - Stopped by David Rittich with a rebound.
3:34 of 2nd period - Off-side.
3:35 of 2nd period - Vincent Trocheck wins face-off versus Mika Zibanejad in neutral zone.
4:08 of 2nd period - Wrist shot by Oliver Bjorkstrand.
4:08 of 2nd period - Shot Misses the Net.
4:36 of 2nd period - Wrist shot by Vincent Trocheck.
4:36 of 2nd period - Deflect By Oliver Bjorkstrand.
4:36 of 2nd period - Stopped by Semyon Varlamov with a rebound.
4:38 of 2nd period - Wrist shot by Vincent Trocheck.
4:38 of 2nd period - Stopped by Semyon Varlamov with a rebound.
4:40 of 2nd period - Slapshot by Vincent Trocheck.
4:40 of 2nd period - Stopped by Semyon Varlamov without a rebound.
4:41 of 2nd period - Auston Matthews wins face-off versus Nick Paul in Detroit Red Wings zone.
4:54 of 2nd period - Wrist shot by Jonathan Huberdeau.
4:54 of 2nd period - Stopped by David Rittich without a rebound.
4:55 of 2nd period - Mika Zibanejad wins face-off versus Nick Paul in Boston Bruins zone.
5:08 of 2nd period - Wrist shot by Jared McCann.
5:08 of 2nd period - Stopped by David Rittich with a rebound.
5:10 of 2nd period - Snap shot by Jared McCann.
5:10 of 2nd period - Stopped by David Rittich without a rebound.
5:11 of 2nd period - Auston Matthews wins face-off versus Ryan Donato in Boston Bruins zone.
5:12 of 2nd period - Wrist shot by Jonathan Huberdeau.
5:12 of 2nd period - Shot Blocked by Ryan Donato.
5:26 of 2nd period - Snap shot by Ryan Donato.
5:26 of 2nd period - Goal by Ryan Donato - Detroit Red Wings : 2 - Boston Bruins : 3.
5:27 of 2nd period - Vincent Trocheck wins face-off versus Auston Matthews in neutral zone.
6:12 of 2nd period - Wrist shot by Jonathan Huberdeau.
6:12 of 2nd period - Shot Misses the Net.
6:18 of 2nd period - Slapshot by Jonathan Huberdeau.
6:18 of 2nd period - Shot Misses the Net.
6:48 of 2nd period - Wrist shot by Danton Heinen.
6:48 of 2nd period - Stopped by Semyon Varlamov without a rebound.
6:49 of 2nd period - Mika Zibanejad wins face-off versus Anthony Beauvillier in Detroit Red Wings zone.
7:04 of 2nd period - Slapshot by Mika Zibanejad.
7:04 of 2nd period - Stopped by David Rittich with a rebound.
7:20 of 2nd period - Slapshot by Sean Couturier.
7:20 of 2nd period - Shot Misses the Net.
7:34 of 2nd period - Phil Kessel is hit by Tyler Ennis.
7:56 of 2nd period - Charlie McAvoy is hit by MacKenzie Weegar.
9:02 of 2nd period - Jason Spezza is hit by Joonas Donskoi and loses puck.
9:27 of 2nd period - Snap shot by Joel Farabee.
9:27 of 2nd period - Shot Blocked by Jamie Drysdale.
9:29 of 2nd period - Slapshot by Charlie McAvoy.
9:29 of 2nd period - Shot Blocked by Shayne Gostisbehere.
9:56 of 2nd period - Arthur Kaliyev is hit by Ryan Donato and loses puck.
10:13 of 2nd period - Jonathan Huberdeau is hit by Nick Paul.
10:36 of 2nd period - Oliver Bjorkstrand is hit by Michael McCarron.
10:50 of 2nd period - Joonas Donskoi is hit by Kris Letang and loses puck.
11:17 of 2nd period - Slapshot by Tyler Ennis.
11:17 of 2nd period - Shot Blocked by Nick Paul.
11:19 of 2nd period - Slapshot by Michael Del Zotto.
11:19 of 2nd period - Deflect By Sean Couturier.
11:19 of 2nd period - Stopped by David Rittich with a rebound.
11:21 of 2nd period - Snap shot by Tyler Ennis.
11:21 of 2nd period - Deflect By Sean Couturier.
11:21 of 2nd period - Shot Misses the Net.
11:21 of 2nd period - Puck is out of play.
11:22 of 2nd period - Vincent Trocheck wins face-off versus Daniel Sprong in Boston Bruins zone.
11:33 of 2nd period - Snap shot by Daniel Sprong.
11:33 of 2nd period - Stopped by David Rittich without a rebound.
11:34 of 2nd period - Phil Kessel wins face-off versus Auston Matthews in Boston Bruins zone.
11:39 of 2nd period - Snap shot by Phil Kessel.
11:39 of 2nd period - Stopped by Semyon Varlamov without a rebound.
11:40 of 2nd period - Vincent Trocheck wins face-off versus Auston Matthews in Detroit Red Wings zone.
11:55 of 2nd period - Snap shot by Auston Matthews.
11:55 of 2nd period - Stopped by David Rittich with a rebound.
12:26 of 2nd period - Slapshot by Charlie McAvoy.
12:26 of 2nd period - Stopped by Semyon Varlamov without a rebound.
12:27 of 2nd period - Ryan Donato wins face-off versus Sean Couturier in Detroit Red Wings zone.
12:30 of 2nd period - Snap shot by Joonas Donskoi.
12:30 of 2nd period - Stopped by Semyon Varlamov without a rebound.
12:31 of 2nd period - Ryan Donato wins face-off versus Auston Matthews in Detroit Red Wings zone.
12:36 of 2nd period - Slapshot by Joonas Donskoi.
12:36 of 2nd period - Shot Misses the Net.
13:00 of 2nd period - Off-side.
13:01 of 2nd period - Sean Couturier wins face-off versus Vincent Trocheck in neutral zone.
13:26 of 2nd period - Backhand shot by Kris Letang.
13:26 of 2nd period - Shot Blocked by Brandon Hagel.
13:28 of 2nd period - Snap shot by Kris Letang.
13:28 of 2nd period - Stopped by David Rittich with a rebound.
13:30 of 2nd period - Slapshot by Tyler Ennis.
13:30 of 2nd period - Goal by Tyler Ennis - Detroit Red Wings : 3 - Boston Bruins : 3.
13:31 of 2nd period - Auston Matthews wins face-off versus Vincent Trocheck in neutral zone.
13:58 of 2nd period - MacKenzie Weegar is hit by Nick Paul and loses puck.
14:08 of 2nd period - Icing by Kris Letang.
14:09 of 2nd period - Vincent Trocheck wins face-off versus Mika Zibanejad in Detroit Red Wings zone.
15:06 of 2nd period - Snap shot by Anthony Beauvillier.
15:06 of 2nd period - Stopped by Semyon Varlamov with a rebound.
15:18 of 2nd period - Minor Penalty to Sean Durzi for Roughing.
15:19 of 2nd period - Auston Matthews wins face-off versus Vincent Trocheck in Boston Bruins zone.
15:29 of 2nd period - Icing by Jamie Drysdale.
15:30 of 2nd period - Auston Matthews wins face-off versus Vincent Trocheck in Detroit Red Wings zone.
16:01 of 2nd period - Snap shot by Mika Zibanejad.
16:01 of 2nd period - Shot Blocked by Oliver Bjorkstrand.
17:18 of 2nd period - Penalty to Sean Durzi is over, Sean Durzi is back on ice.
17:26 of 2nd period - Slapshot by Nick Paul.
17:26 of 2nd period - Stopped by Semyon Varlamov without a rebound.
17:27 of 2nd period - Jason Spezza wins face-off versus Nick Paul in Detroit Red Wings zone.
18:00 of 2nd period - Minor Penalty to Adam Erne for Tripping.
18:01 of 2nd period - Vincent Trocheck wins face-off versus Sean Couturier in Detroit Red Wings zone.
18:14 of 2nd period - Wrist shot by Mika Zibanejad.
18:14 of 2nd period - Shot Misses the Net.
18:32 of 2nd period - Slapshot by Charlie McAvoy.
18:32 of 2nd period - Shot Blocked by MacKenzie Weegar.
19:06 of 2nd period - Sean Couturier is hit by Oliver Bjorkstrand and loses puck.
0:00 of 3rd period - Penalty to Adam Erne is over, Adam Erne is back on ice.
Goals for this period are 1 for Detroit Red Wings vs 1 for Boston Bruins.
Shots for this period are 10 for Detroit Red Wings vs 15 for Boston Bruins.
3rd period
0:01 of 3rd period - Auston Matthews wins face-off versus Vincent Trocheck in neutral zone.
0:48 of 3rd period - Off-side.
0:49 of 3rd period - Sean Couturier wins face-off versus Ryan Donato in neutral zone.
0:58 of 3rd period - Slapshot by Jamie Drysdale.
0:58 of 3rd period - Shot Misses the Net.
1:14 of 3rd period - Anthony Beauvillier is hit by Jamie Drysdale and loses puck.
1:23 of 3rd period - Wrist shot by Brock Nelson.
1:23 of 3rd period - Stopped by David Rittich with a rebound.
2:43 of 3rd period - Off-side.
2:44 of 3rd period - Vincent Trocheck wins face-off versus Mika Zibanejad in neutral zone.
2:53 of 3rd period - Slapshot by Brock McGinn.
2:53 of 3rd period - Deflect By Vincent Trocheck.
2:53 of 3rd period - Stopped by Semyon Varlamov without a rebound.
2:54 of 3rd period - Vincent Trocheck wins face-off versus Auston Matthews in Detroit Red Wings zone.
2:59 of 3rd period - Wrist shot by Vincent Trocheck.
2:59 of 3rd period - Shot Misses the Net.
3:22 of 3rd period - Slapshot by Kris Letang.
3:22 of 3rd period - Deflect By Tyson Barrie.
3:22 of 3rd period - Stopped by David Rittich with a rebound.
3:24 of 3rd period - Snap shot by Kris Letang.
3:24 of 3rd period - Shot Misses the Net.
3:26 of 3rd period - Wrist shot by Jared McCann.
3:26 of 3rd period - Shot Misses the Net.
3:32 of 3rd period - Snap shot by Jared McCann.
3:32 of 3rd period - Shot Blocked by Samuel Girard.
3:44 of 3rd period - Wrist shot by Danton Heinen.
3:44 of 3rd period - Stopped by Semyon Varlamov without a rebound.
3:45 of 3rd period - Sean Couturier wins face-off versus Vincent Trocheck in Detroit Red Wings zone.
3:45 of 3rd period - Sean Couturier is hit by Vincent Trocheck.
3:58 of 3rd period - Minor Penalty to Tyler Ennis for Hooking.
3:59 of 3rd period - Mika Zibanejad wins face-off versus Oliver Bjorkstrand in Detroit Red Wings zone.
4:30 of 3rd period - Off-side.
4:31 of 3rd period - Vincent Trocheck wins face-off versus Sean Couturier in neutral zone.
4:34 of 3rd period - Slapshot by Samuel Girard.
4:34 of 3rd period - Deflect By Kris Letang.
4:34 of 3rd period - Goal by Samuel Girard - Detroit Red Wings : 3 - Boston Bruins : 4.
4:35 of 3rd period - Auston Matthews wins face-off versus Vincent Trocheck in neutral zone.
5:00 of 3rd period - Brock Nelson is hit by Sean Durzi and loses puck.
5:05 of 3rd period - Snap shot by Brandon Hagel.
5:05 of 3rd period - Deflect By Joel Farabee.
5:05 of 3rd period - Stopped by Semyon Varlamov with a rebound.
5:07 of 3rd period - Snap shot by Joel Farabee.
5:07 of 3rd period - Stopped by Semyon Varlamov with a rebound.
5:09 of 3rd period - Slapshot by Victor Mete.
5:09 of 3rd period - Stopped by Semyon Varlamov with a rebound.
5:11 of 3rd period - Slapshot by Matt Grzelcyk.
5:11 of 3rd period - Shot Hit the Post.
5:13 of 3rd period - Snap shot by Joel Farabee.
5:13 of 3rd period - Stopped by Semyon Varlamov with a rebound.
5:43 of 3rd period - Wrist shot by Daniel Sprong.
5:43 of 3rd period - Stopped by David Rittich with a rebound.
5:45 of 3rd period - Wrist shot by Michael McCarron.
5:45 of 3rd period - Shot Misses the Net.
5:47 of 3rd period - Slapshot by Jason Spezza.
5:47 of 3rd period - Goal by Jason Spezza - Detroit Red Wings : 4 - Boston Bruins : 4.
5:48 of 3rd period - Vincent Trocheck wins face-off versus Auston Matthews in neutral zone.
5:53 of 3rd period - Slapshot by Vincent Trocheck.
5:53 of 3rd period - Goal by Vincent Trocheck - Detroit Red Wings : 4 - Boston Bruins : 5.
5:54 of 3rd period - Vincent Trocheck wins face-off versus Auston Matthews in neutral zone.
6:01 of 3rd period - Snap shot by Vincent Trocheck.
6:01 of 3rd period - Shot Misses the Net.
6:03 of 3rd period - Minor Penalty to Arthur Kaliyev for Tripping.
6:04 of 3rd period - Mika Zibanejad wins face-off versus Vincent Trocheck in Detroit Red Wings zone.
6:15 of 3rd period - MacKenzie Weegar is hit by Sean Durzi and loses puck.
8:03 of 3rd period - Penalty to Arthur Kaliyev is over, Arthur Kaliyev is back on ice.
8:33 of 3rd period - Arthur Kaliyev is hit by Brock McGinn and loses puck.
10:18 of 3rd period - Tyson Barrie is hit by Michael McCarron and loses puck.
10:25 of 3rd period - Kris Letang is hit by Charlie McAvoy and loses puck.
10:50 of 3rd period - Kris Letang is hit by Joel Farabee and loses puck.
11:07 of 3rd period - Jared McCann is hit by Matt Grzelcyk.
11:26 of 3rd period - Ryan Donato is hit by Tyler Ennis and loses puck.
11:44 of 3rd period - Michael McCarron is hit by Oliver Bjorkstrand and loses puck.
11:51 of 3rd period - Backhand shot by Michael Del Zotto.
11:51 of 3rd period - Deflect By Jason Spezza.
11:51 of 3rd period - Shot Misses the Net.
11:51 of 3rd period - Puck is out of play.
11:52 of 3rd period - Auston Matthews wins face-off versus Nick Paul in Boston Bruins zone.
11:55 of 3rd period - Snap shot by Auston Matthews.
11:55 of 3rd period - Stopped by David Rittich without a rebound.
11:56 of 3rd period - Auston Matthews wins face-off versus Nick Paul in Boston Bruins zone.
11:59 of 3rd period - Snap shot by Jonathan Huberdeau.
11:59 of 3rd period - Stopped by David Rittich with a rebound.
12:05 of 3rd period - Snap shot by Jonathan Huberdeau.
12:05 of 3rd period - Stopped by David Rittich with a rebound.
12:43 of 3rd period - MacKenzie Weegar is hit by Ryan Donato and loses puck.
13:05 of 3rd period - Off-side.
13:06 of 3rd period - Auston Matthews wins face-off versus Vincent Trocheck in neutral zone.
13:43 of 3rd period - Slapshot by Shayne Gostisbehere.
13:43 of 3rd period - Stopped by David Rittich without a rebound.
13:44 of 3rd period - Auston Matthews wins face-off versus Ryan Donato in Boston Bruins zone.
13:47 of 3rd period - Wrist shot by Auston Matthews.
13:47 of 3rd period - Stopped by David Rittich with a rebound.
13:53 of 3rd period - Matt Grzelcyk is hit by Auston Matthews and loses puck.
14:17 of 3rd period - Slapshot by Brock Nelson.
14:17 of 3rd period - Shot Misses the Net.
14:19 of 3rd period - Slapshot by Kris Letang.
14:19 of 3rd period - Deflect By Mika Zibanejad.
14:19 of 3rd period - Stopped by David Rittich with a rebound.
15:04 of 3rd period - Icing by Keith Yandle.
15:05 of 3rd period - Nick Paul wins face-off versus Jason Spezza in Detroit Red Wings zone.
16:31 of 3rd period - Slapshot by Mika Zibanejad.
16:31 of 3rd period - Stopped by David Rittich without a rebound.
16:32 of 3rd period - Vincent Trocheck wins face-off versus Auston Matthews in Boston Bruins zone.
17:22 of 3rd period - Joonas Donskoi is hit by Shayne Gostisbehere.
18:19 of 3rd period - Slapshot by Kris Letang.
18:19 of 3rd period - Shot Misses the Net.
19:10 of 3rd period - Detroit Red Wings, Semyon Varlamov is pulled from the net.
19:16 of 3rd period - Backhand shot by Auston Matthews.
19:16 of 3rd period - Shot Misses the Net.
19:18 of 3rd period - Slapshot by Arthur Kaliyev.
19:18 of 3rd period - Shot Misses the Net.
19:20 of 3rd period - Snap shot by Arthur Kaliyev.
19:20 of 3rd period - Shot Misses the Net.
19:22 of 3rd period - Snap shot by Jonathan Huberdeau.
19:22 of 3rd period - Goal by Jonathan Huberdeau - Detroit Red Wings : 5 - Boston Bruins : 5.
19:22 of 3rd period - Semyon Varlamov from Detroit Red Wings was sent back in the game.
19:23 of 3rd period - Auston Matthews wins face-off versus Vincent Trocheck in neutral zone.
Goals for this period are 2 for Detroit Red Wings vs 2 for Boston Bruins.
Shots for this period are 12 for Detroit Red Wings vs 8 for Boston Bruins.
Overtime #1
0:01 of 1st overtime period - Auston Matthews wins face-off versus Oliver Bjorkstrand in neutral zone.
0:04 of 1st overtime period - Slapshot by MacKenzie Weegar.
0:04 of 1st overtime period - Stopped by David Rittich with a rebound.
1:20 of 1st overtime period - Wrist shot by Shayne Gostisbehere.
1:20 of 1st overtime period - Shot Misses the Net.
3:10 of 1st overtime period - Jason Spezza is hit by Phil Kessel and loses puck.
3:50 of 1st overtime period - Icing by Michael Del Zotto.
3:51 of 1st overtime period - Jason Spezza wins face-off versus Joonas Donskoi in Detroit Red Wings zone.
4:23 of 1st overtime period - Snap shot by Mika Zibanejad.
4:23 of 1st overtime period - Stopped by David Rittich with a rebound.
4:25 of 1st overtime period - Slapshot by Michael Del Zotto.
4:25 of 1st overtime period - Stopped by David Rittich without a rebound.
4:26 of 1st overtime period - Auston Matthews wins face-off versus Vincent Trocheck in Boston Bruins zone.
4:51 of 1st overtime period - Sean Couturier is hit by Phil Kessel and loses puck.
Goals for this period are 0 for Detroit Red Wings vs 0 for Boston Bruins.
Shots for this period are 3 for Detroit Red Wings vs 0 for Boston Bruins.
ShootOut
5:00 of 1st overtime period - Round #1.
5:00 of 1st overtime period - Detroit Red Wings, Kris Letang.
5:00 of 1st overtime period - Backhand shot by Kris Letang.
5:00 of 1st overtime period - Goal by Kris Letang.
5:00 of 1st overtime period - Boston Bruins, Vincent Trocheck.
5:00 of 1st overtime period - Snap shot by Vincent Trocheck.
5:00 of 1st overtime period - Shot Misses the Net.
5:00 of 1st overtime period - Round #2.
5:00 of 1st overtime period - Detroit Red Wings, Jonathan Huberdeau.
5:00 of 1st overtime period - Deke by Jonathan Huberdeau.
5:00 of 1st overtime period - Goal by Jonathan Huberdeau.
5:00 of 1st overtime period - Boston Bruins, Oliver Bjorkstrand.
5:00 of 1st overtime period - Backhand shot by Oliver Bjorkstrand.
5:00 of 1st overtime period - Stopped by Semyon Varlamov.
5:00 of 1st overtime period - Round #3.
Back to the Top